 Dungeon Crawl Stone Soup version 0.24.0-13-gcf9b3192b9 (webtiles) character file.

Game seed: 8712527587169481765, levelgen mode: deterministic

11384 mopl the Covert (level 11, -2/85 HPs)
             Began as a Demigod Enchanter on Nov 5, 2019.
             Slain by an orc warrior
             ... wielding a +0 halberd
              (14 damage)
             ... on level 9 of the Dungeon.
             The game lasted 00:40:38 (15175 turns).

mopl the Covert (Demigod Enchanter)                Turns: 15175, Time: 00:40:39

Health: -2/85      AC:  3    Str: 11    XL:     11   Next: 24%
Magic:  31/33      EV: 12    Int: 25    God:
Gold:   603        SH:  0    Dex: 16    Spells: 5/22 levels left

rFire    + . .     SeeInvis .   a - +2 dagger (venom)
rCold    . . .     Gourm    .   (no shield)
rNeg     . . .     Faith    .   D - +0 robe {MR+}
rPois    .         Spirit   .   q - +0 helmet (curse)
rElec    .         Reflect  .   h - scarf {repulsion}
rCorr    .         Harm     .   (no gloves)
MR       ++...                  (no boots)
Stlth    ++++......             (no amulet)
HPRegen  0.24/turn              g - ring of magical power
MPRegen  0.23/turn              r - ring of protection from fire

@: studying 2 skills, repel missiles
A: high mp 1
a: no special abilities


You were on level 9 of the Dungeon.
You were not hungry.

You visited 1 branch of the dungeon, and saw 10 of its levels.
You also visited: Ossuary and Bailey.

You collected 603 gold pieces.

Inventory:

Hand Weapons
 a - a +2 dagger of venom (weapon)
 b - a +2 dagger of speed
 H - the +6 halberd of the Spider {freeze, -Tele rPois Int+3, unknown}
   (You found it on level 7 of the Dungeon)

   It has been specially enchanted to freeze those struck by it, causing extra
   injury to most foes and up to half again as much damage against particularly
   susceptible opponents.
   It can also slow down cold-blooded creatures.
   It affects your intelligence (+3).
   It protects you from poison.
   It prevents most forms of teleportation.
Missiles
 d - 19 poisoned darts (quivered)
 A - 7 boomerangs
 E - 4 curare-tipped darts
 I - 5 javelins
 N - 3 silver boomerangs
Armour
 h - a scarf of repulsion (worn)
 n - a +1 ring mail of poison resistance
 q - a cursed +0 helmet (worn)
 D - a +0 robe of magic resistance (worn)
Magical Staves
 B - an uncursed staff of energy
Jewellery
 g - a ring of magical power (left hand)
 r - a ring of protection from fire (right hand)
Wands
 w - a wand of paralysis (8)
 O - a wand of enslavement (6)
Scrolls
 e - 10 scrolls of remove curse
 f - 2 scrolls of magic mapping
 o - a scroll of blinking
 s - a scroll of amnesia {unknown}
 v - 3 scrolls of teleportation {unknown}
 y - a scroll of immolation {unknown}
 z - a scroll of random uselessness {unknown}
 C - 2 scrolls of enchant armour {unknown}
 J - 4 scrolls of enchant weapon {unknown}
 M - a scroll of fog {unknown}
 P - a scroll of brand weapon {unknown}
 R - 2 scrolls of identify
Potions
 i - 2 potions of flight
 j - a potion of agility
 k - a potion of brilliance
 l - 6 potions of lignification
 m - 4 potions of heal wounds
 p - 2 potions of mutation
 t - a potion of might
 u - 8 potions of curing {unknown}
 x - 2 potions of haste
 F - a potion of magic
 G - 2 potions of ambrosia
Books
 K - a manual of Shields
 L - a manual of Fighting
Comestibles
 c - 21 rations
 Q - 4 chunks of flesh


   Skills:
 + Level 4.9 Fighting
 + Level 5.1 Short Blades
 - Level 1.7 Dodging
 * Level 10.0 Stealth
 + Level 4.9 Shields
 - Level 6.0 Spellcasting
 - Level 3.0 Conjurations
 * Level 9.3 Hexes
 - Level 5.0 Ice Magic


You had 5 spell levels left.
You knew the following spells:

 Your Spells              Type           Power        Failure   Level  Hunger
a - Corona                Hex            ######.      1%          1    None
b - Ensorcelled Hibernat  Hex/Ice        #####.       1%          2    None
c - Confuse               Hex            ######..     1%          3    None
d - Tukima's Dance        Hex            ######..     1%          3    None
g - Dazzling Spray        Conj/Hex       #####.       1%          3    None
s - Metabolic Englaciati  Hex/Ice        #####.....   11%         5    #####..

Your spell library contained the following spells:

 Spells                   Type           Power        Failure   Level  Hunger
 Confusing Touch          Hex            ######       1%          1    None
 Shock                    Conj/Air       ###.         4%          1    None
 Swiftness                Chrm/Air       #.......     11%         2    None
 Static Discharge         Conj/Air       ###.....     12%         3    None
 Gell's Gravitas          Tloc           #.........   22%         3    None
 Yara's Violent Unravell  Hex/Tmut       ####......   30%         5    #####..
 Airstrike                Air            #.........   58%         4    ###....
 Petrify                  Tmut/Erth      #.......     58%         4    ###....
 Lightning Bolt           Conj/Air       ###.......   73%         5    #####..


Dungeon Overview and Level Annotations

Branches:
Dungeon (10/15)            Temple (0/1) D:5            Lair (0/6) D:9
    Orc (0/2) D:9         Ossuary (visited)          Bailey (visited)


Innate Abilities, Weirdness & Mutations

You have an increased reservoir of magic. (+10% MP)


Message History

Press: ? - help, Shift-Dir - straight line, f - yak
Aim: a yak (chance to defeat MR: 69%)
The yak looks drowsy...
The helpless yak fails to defend itself.
You skewer the yak like a kebab!!!
You kill the yak!
The yak gores you!
Casting: Ensorcelled Hibernation (safe; 1% risk of failure)
Confirm with . or Enter, or press ? or * to list all spells.
Aiming: Ensorcelled Hibernation (safe; 1% risk of failure)
Press: ? - help, Shift-Dir - straight line, f - yak
Aim: a yak (chance to defeat MR: 69%)
The yak struggles to resist.
The yak gores you. The yak gores you! The orc warrior closely misses you.
The orc warrior hits you from afar with a +0 halberd!!
There is a stone staircase leading up here.
The yak gores you!!
* * * LOW HITPOINT WARNING * * *
The orc warrior hits you from afar with a +0 halberd!
You die...

*,###..,***,,,*...,*##.#####
*,,....**,,,***.....#..#....
***##..#####* **#...........
#.......## ###.#.#..)..
##........##*###..###.....
#..........##...#.#......#
*#........##........8.8...
#......(..#...##.........
##.......@..8.......8.8...
#........Y.......#........
#)........Yo..8..##.....#.
####....##..................
#..#....#.......8...........
#........#..................
##........#....8.8...##......
##....................###.....
#......###...##......รท..(.....


You could see 2 yaks and an orc warrior.

Vanquished Creatures
  An elephant (D:9)
  5 hippogriffs
  Sigmund (D:5)
  3 hogs (D:7)
  11 yaks
  A human (D:7)
  A hungry ghost (D:7)
  A basilisk (D:9)
  Duvessa (D:6)
  3 ice beasts
  16 orc warriors
  3 sky beasts
  4 phantoms
  5 ogres
  11 centaurs
  A crocodile (D:9)
  A big kobold (D:9)
  4 bullfrogs
  A gnoll sergeant (D:6)
  4 water moccasin zombies
  Dowan (D:6)
  4 scorpions
  7 killer bees
  5 howler monkeys
  6 electric eels (D:10)
  3 crimson imps (D:5)
  2 quasits (D:8)
  2 centaur zombies (D:7)
  3 jellies
  A bullfrog skeleton (D:5)
  8 orc priests
  4 hounds
  15 orc wizards
  A centaur skeleton (D:5)
  Jessica (D:2)
  Terence (D:2)
  An iguana (D:9)
  6 worker ants
  A killer bee zombie (D:7)
  2 hound skeletons (D:4)
  2 mummies (Ossuary)
  Robin (D:2)
  4 gnolls
  18 adders
  A howler monkey skeleton (D:4)
  3 shadow imps
  2 oozes
  10 adder zombies
  2 worms
  A dart slug (D:4)
  5 leopard geckos
  78 orcs
  2 giant cockroaches
  A gnoll zombie (Ossuary)
  14 hobgoblins
  5 jackals
  17 kobolds
  2 quokkas
  5 ball pythons
  4 bats
  4 frilled lizards
  20 goblins
  8 hobgoblin zombies (Ossuary)
  5 kobold zombies (Ossuary)
  A leopard gecko skeleton (D:5)
  7 orc zombies (Ossuary)
  3 quokka skeletons
  7 rats
384 creatures vanquished.

Vanquished Creatures (collateral kills)
  A two-headed ogre (D:9)
1 creature vanquished.

Vanquished Creatures (others)
  A dancing weapon (D:9)
  An electric eel (D:10)
2 creatures vanquished.

Grand Total: 387 creatures vanquished

Notes
Turn   | Place    | Note
-------+----------+-------------------------------------------
     0 | D:1      | mopl the Demigod Enchanter began the quest for the Orb.
     0 | D:1      | Reached XP level 1. HP: 14/14 MP: 5/5
   223 | D:1      | Reached XP level 2. HP: 16/20 MP: 7/7
   227 | D:1      | Learned a level 2 spell: Ensorcelled Hibernation
   285 | D:1      | Reached skill level 3 in Stealth
  1196 | D:2      | Reached XP level 3. HP: 26/26 MP: 1/9
  1201 | D:2      | Learned a level 3 spell: Dazzling Spray
  1849 | D:2      | Noticed Robin
  1997 | D:2      | Noticed Jessica
  2013 | D:2      | Killed Jessica
  2013 | D:2      | Reached XP level 4. HP: 33/33 MP: 7/10
  2107 | D:2      | Noticed Terence
  2139 | D:2      | Reached skill level 1 in Ice Magic
  2358 | D:2      | Killed Terence
  2636 | D:2      | Killed Robin
  2636 | D:2      | Reached XP level 5. HP: 10/38 MP: 2/12
  3119 | D:3      | Reached skill level 1 in Conjurations
  3201 | D:3      | Found a bloodstained altar of Trog.
  3513 | D:3      | Found an opulent altar of Gozag.
  3514 | D:3      | Found a white marble altar of Elyvilon.
  3514 | D:3      | Found a sacrificial altar of Ru.
  3762 | D:4      | Noticed a phantom
  3859 | D:4      | Reached skill level 4 in Stealth
  3915 | D:4      | Learned a level 3 spell: Confuse
  4051 | D:4      | Found a sand-covered staircase.
  4063 | Ossuary  | Entered an ossuary
  4598 | Ossuary  | Reached XP level 6. HP: 34/45 MP: 14/14
  5803 | D:4      | Reached XP level 7. HP: 50/50 MP: 15/15
  5808 | D:4      | Learned a level 3 spell: Tukima's Dance
  6264 | D:4      | Reached skill level 5 in Stealth
  6681 | D:5      | Entered Level 5 of the Dungeon
  6718 | D:5      | Reached skill level 5 in Hexes
  6918 | D:5      | Noticed Sigmund
  6925 | D:5      | Killed Sigmund
  6925 | D:5      | Reached XP level 8. HP: 43/57 MP: 18/18
  7203 | D:5      | Found a staircase to the Ecumenical Temple.
  7279 | D:5      | Found an iron altar of Okawaru.
  7311 | D:4      | Reached skill level 6 in Stealth
  7458 | D:5      | Reached skill level 5 in Spellcasting
  7655 | D:6      | Learned a level 5 spell: Metabolic Englaciation
  7702 | D:5      | Reached skill level 1 in Short Blades
  7836 | D:6      | Noticed Duvessa
  7836 | D:6      | Noticed Dowan
  7842 | D:6      | Killed Dowan
  7869 | D:6      | Killed Duvessa
  8642 | D:6      | Reached XP level 9. HP: 62/62 MP: 20/20
  8872 | D:6      | Reached skill level 7 in Stealth
  9367 | D:7      | Found a flagged portal.
  9376 | D:7      | Got a polished halberd
  9383 | Bailey   | Entered a bailey
 10039 | Bailey   | Reached skill level 8 in Stealth
 10166 | Bailey   | Reached XP level 10. HP: 69/69 MP: 10/22
 10638 | D:7      | Reached skill level 1 in Fighting
 10758 | D:7      | Reached skill level 1 in Shields
 10900 | D:7      | Reached skill level 5 in Ice Magic
 11082 | D:8      | Reached skill level 9 in Stealth
 11825 | D:9      | Noticed a two-headed ogre
 11834 | D:9      | Killed a two-headed ogre
 11872 | D:10     | Entered Level 10 of the Dungeon
 12679 | D:9      | Found a bloodstained altar of Trog.
 12883 | D:9      | Reached XP level 11. HP: 84/84 MP: 24/24
 14454 | D:9      | Reached skill level 5 in Short Blades
 14643 | D:10     | Reached skill level 10 in Stealth
 15175 | D:9      | Slain by an orc warrior

Levels and vault maps discovered:
D:1:      elethiomel_arrival_shortcut, layout_loops_ring
D:2:      layout_basic, uniq_terence, uniq_robin, uniq_jessica
D:3:      layout_basic, chequers_temple_overflow_statue_of_worship,
          first_ration, kennysheep_flooded_box
D:4:      minmay_inner_zag, layout_basic, chequers_ossuary_entry_cave
D:5:      layout_rooms, okawaru_ov_weapons_minmay, minmay_temple_entry_junction,
          st_stairs_13, serial_bayou_pond_a, uniq_sigmund
D:6:      layout_basic, uniq_duvessa
D:7:      layout_basic, enter_bailey_2, grunt_livestock
D:8:      layout_gridville
D:9:      layout_cave_pools, david_lair_generic, hiddenorc2_lemuel, basic_altar,
          serial_column_ruins, column_ruins_grid_2,
          column_ruins_columns_straight, column_ruins_open_tiny,
          column_ruins_corridor_straight, column_ruins_grid_1,
          column_ruins_corridor_straight, minivault_5
D:10:     layout_basic, st_stairs_10, lemuel_flamethrower_1

Skill      XL: |  1  2  3  4  5  6  7  8  9 10 11 |
---------------+----------------------------------+-----
Spellcasting   | 2 3 4 5 6 |  6.0
Stealth        | 3 4 5 6 8 9 10 | 10.0
Hexes          | 3 4 5 6 7 8 9 |  9.3
Ice Magic      | 1 2 3 4 5 |  5.0
Conjurations   | 1 2 3 |  3.0
Short Blades   | 2 3 4 5 |  5.1
Fighting       | 4 |  4.9
Shields        | 4 |  4.9
Dodging        | |  1.7

Action                   |  1- 3 |  4- 6 |  7- 9 | 10-12 || total
-------------------------+-------+-------+-------+-------++-------
Melee: Dagger            |   134 |   379 |   361 |   282 ||  1156
       Unarmed           |       |    12 |       |       ||    12
Throw: Dart              |       |     2 |     5 |     1 ||     8
 Cast: Corona            |    21 |     1 |     5 |     2 ||    29
       Ensorcelled Hiber |    26 |    26 |    64 |   118 ||   234
       Dazzling Spray    |       |     4 |       |       ||     4
       Confuse           |       |     8 |    55 |    29 ||    92
       Tukima's Dance    |       |       |       |     2 ||     2
Evoke: Wand              |       |       |     1 |       ||     1
  Use: Scroll            |     1 |     5 |       |     5 ||    11
       Potion            |       |     2 |       |       ||     2
 Stab: Sleeping          |    17 |    19 |    50 |    77 ||   163
       Confused          |       |     7 |    19 |    15 ||    41
       Paralysed         |       |       |     2 |       ||     2
       Distracted        |       |       |       |     1 ||     1
  Eat: Chunk             |     5 |     8 |    16 |    17 ||    46
       Ration            |       |     2 |       |       ||     2
Armor: Robe              |    37 |    82 |    55 |    38 ||   212
       Skin              |       |    32 |       |       ||    32
Dodge: Dodged            |    77 |   242 |   192 |   177 ||   688
       Deflected         |     3 |     9 |     4 |    20 ||    36
